 Dungeon Crawl Stone Soup version 0.19.0-23-gf02e663 (webtiles) character file.

1090 RKaid the Basher (level 8, -19/44 HPs)
             Began as a Gargoyle Gladiator on Nov 19, 2016.
             Was an Initiate of Okawaru.
             Killed from afar by a steam dragon (26 damage)
             ... with a ball of steam
             ... on level 6 of the Dungeon.
             The game lasted 00:09:50 (5732 turns).

RKaid the Basher (Gargoyle Gladiator)               Turns: 5732, Time: 00:09:51

Health: -19/44     AC: 23    Str: 20    XL:     8   Next: 31%
Magic:  8/8        EV:  8    Int: 10    God:    Okawaru [......]
Gold:   247        SH:  0    Dex: 10    Spells: 0 memorised, 7 levels left

rFire  . . .     SeeInvis .     C - +1 mace (protect)
rCold  . . .     Gourm    .     e - +0 chain mail
rNeg   + . .     Faith    .     (no shield)
rPois  ∞         Spirit   .     c - +1 helmet
rElec  +         Reflect  .     A - +0 cloak
rCorr  .         Harm     .     (no gloves)
MR     .....                    (no boots)
Stlth  ..........               (no amulet)
                                (no ring)
                                t - ring of wizardry {Wiz+, !d}

@: protection aura
A: negative energy resistance 1, electricity resistance, unbreathing,
petrification resistance, rot immunity, AC +5
a: Renounce Religion


You were on level 6 of the Dungeon.
You worshipped Okawaru.
Okawaru was noncommittal.
You were not hungry.

You visited 2 branches of the dungeon, and saw 7 of its levels.

You collected 247 gold pieces.

Inventory:

Hand Weapons
 a - a +1 flail
 C - a +1 mace of protection (weapon)
   (You found it on level 6 of the Dungeon)
 E - the +6 scimitar of Calamity {slice, MP+9 Int+4 SInv, unknown}
   (You found it on level 6 of the Dungeon)

   It inflicts extra damage upon your enemies.
   It affects your intelligence (+4).
   It affects your magic capacity (+9).
   It lets you see invisible.
Missiles
 d - 3 throwing nets {=f}
Armour
 c - a +1 helmet (worn)
 e - a +0 chain mail (worn)
   (You found it on level 3 of the Dungeon)
 n - a +1 buckler of poison resistance
   (You found it on level 1 of the Dungeon)
 A - a +0 cloak (worn)
   (You found it on level 5 of the Dungeon)
Jewellery
 b - an uncursed ring of fire {rF+, rC-}
   (You found it on level 5 of the Dungeon)
 t - a ring of wizardry (left hand) {Wiz+, !d}
   (You found it on level 2 of the Dungeon)
 y - the amulet of the Air {Inacc +Fly rElec EV+5 RMsl}
   (You found it on level 4 of the Dungeon)

   [amulet of inaccuracy]

   It reduces the accuracy of all your attacks.
   It affects your evasion (+5).
   It insulates you from electricity.
   It lets you fly.
   It protects you from missiles.
Scrolls
 h - 9 scrolls of identify
 j - 4 scrolls of enchant armour
 l - 2 scrolls of teleportation
 o - a scroll of noise {!r}
 s - a scroll of blinking {!r}
 v - 2 scrolls of magic mapping {!r}
 w - a scroll of enchant weapon
 x - 2 scrolls of immolation {!r}
 D - a scroll of fear {unknown}
Potions
 i - 2 potions of agility {unknown}
 k - 5 potions of curing
 m - a potion of resistance {unknown}
 p - 2 potions of cure mutation {unknown}
 q - a potion of lignification {unknown}
 r - 3 potions of degeneration {unknown}
 z - a potion of brilliance {unknown}
Comestibles
 f - 4 bread rations
 g - 4 slices of pizza
 u - 3 fruits
 B - a meat ration


   Skills:
 - Level 2.1 Fighting
 + Level 10.0 Maces & Flails
 - Level 1.7 Throwing
 - Level 2.4 Dodging


You had 7 spell levels left.
You didn't know any spells.

Dungeon Overview and Level Annotations

Branches:
Dungeon (6/15)             Temple (1/1) D:5

Altars:
Ashenzari
Cheibriados
Dithmenos
Fedhas
Gozag
Hepliaklqana
Kikubaaqudgha
Makhleb
Nemelex Xobeh
Okawaru
Qazlal
Ru
Sif Muna
Trog
Uskayaw
Vehumet
Xom
Yredelemnul
Zin
The Shining One

Annotations:
D:2 Sigmund


Innate Abilities, Weirdness & Mutations

You are resistant to torment.
Your stone body is resilient. (AC +5)
You are immune to poison.
You resist negative energy. (rN+)
You are resistant to electric shocks. (rElec)
You can survive without breathing.
You are immune to petrification.
You are immune to rotting.


Message History

i - 2 murky green potions (gained 1)
A leopard gecko comes into view.
The leopard gecko hisses angrily.
You hit the leopard gecko.
Your weapon exudes an aura of protection.
The leopard gecko bites you but does no damage.
You barely miss the leopard gecko.
The leopard gecko bites you but does no damage.
You miss the leopard gecko. The leopard gecko closely misses you.
Your chain mail prevents you from hitting the leopard gecko.
The leopard gecko barely misses you.
You miss the leopard gecko.
The leopard gecko bites you but does no damage.
The leopard gecko barely misses you.
You hit the leopard gecko.
Your weapon exudes an aura of protection.
You kill the leopard gecko!
Okawaru accepts your kill.
You see here a leopard gecko corpse.
You butcher the leopard gecko corpse.
B - 2 chunks of flesh (gained 1)
D - a scroll labeled AFITUY ZAXUZO You open the door.
There is an open door here.
h - 9 scrolls of identify (gained 1)
k - 5 potions of curing (gained 1)
There is an open door here.
You open the door.
There is an open door here.
A leopard gecko comes into view.
The leopard gecko hisses angrily.
You barely miss the leopard gecko.
The leopard gecko bites you but does no damage.
You sock the leopard gecko!
Your weapon exudes an aura of protection.
You kill the leopard gecko!
Okawaru accepts your kill.
Some of the chunks of flesh in your inventory have rotted away.
You open the door.
There is an open door here.
You open the door.
Found a faintly glowing scimitar.
There is an open door here.
You see here a faintly glowing scimitar.
E - a faintly glowing scimitar
There is an open door here.
You open the door.
There is an open door here.
Eating a chunk of flesh.
You start eating the chunk of flesh.
You are feeling hungry.
This raw flesh tastes terrible.
You now have 235 gold pieces (gained 13).
Found a shimmering altar of Xom.
You now have 247 gold pieces (gained 12).
Found a glowing golden altar of the Shining One.
You open the door.
There is an open door here.
Found a glowing flail.
B - a meat ration You see here a glowing flail.
You open the door.
A steam dragon comes into view.
The steam dragon hisses angrily.
The steam dragon breathes steam at you. The ball of steam hits you!
Found a stone staircase leading down.
There is an open door here.
You are engulfed in a cloud of scalding steam.
The steam dragon barely misses you.
The steam dragon claws you but does no damage.
You closely miss the steam dragon.
You are engulfed in a cloud of scalding steam.
The steam dragon bites you but does no damage.
The steam dragon claws you but does no damage.
You hit the steam dragon but do no damage.
Your weapon exudes an aura of protection.
The steam dragon bites you but does no damage.
The steam dragon barely misses you.
You hit the steam dragon.
The steam dragon bites you but does no damage.
The steam dragon claws you but does no damage.
You barely miss the steam dragon. The steam dragon closely misses you.
The steam dragon claws you but does no damage.
You hit the steam dragon. The steam dragon barely misses you.
The steam dragon claws you but does no damage.
Your chain mail prevents you from hitting the steam dragon.
The steam dragon bites you but does no damage.
The steam dragon claws you but does no damage.
You barely miss the steam dragon. The steam dragon breathes steam at you.
The ball of steam hits you!
* * * LOW HITPOINT WARNING * * *
You barely miss the steam dragon.
You are engulfed in a cloud of scalding steam.
The steam dragon bites you but does no damage.
The steam dragon claws you but does no damage.
The steam dragon breathes steam at you. The ball of steam hits you!
Ouch! That really hurt!
You die...

######## ......# # ......#
.# .....# .# .....### ..#
####### #......#+##..##
....... #......#..>...#
........ #<.....+D@....#
........ #......#§##...#
.......
########§########+###.....
#.§.§#.........#.....
#.§§.#.........#.....
#..).+.........#.....
#....#.........+....<
##..####.###.........
##..####.##8..8##..##


You could see a steam dragon.

Vanquished Creatures
  A two-headed ogre (D:3)
  Duvessa (D:5)
  A phantom (D:6)
  An ogre (Temple)
  A bullfrog (D:6)
  Dowan (D:5)
  A howler monkey (D:3)
  A crimson imp (D:5)
  A hound (D:5)
  A jelly (D:5)
  An orc priest (D:5)
  2 orc wizards
  An iguana (D:4)
  4 worker ants
  A gnoll (D:5)
  4 adders
  2 shadow imps
  2 worms
  4 leopard geckos
  10 orcs
  5 giant cockroaches
  7 goblins
  14 hobgoblins
  9 jackals
  5 kobolds
  A ball python (D:2)
  11 bats
  6 frilled lizards
  7 rats
106 creatures vanquished.

Notes
Turn   | Place    | Note
-------+----------+-------------------------------------------
     0 | D:1      | RKaid the Gargoyle Gladiator began the quest for the Orb.
     0 | D:1      | Reached XP level 1. HP: 12/12 MP: 1/1
    75 | D:1      | Reached XP level 2. HP: 17/17 MP: 2/2
   358 | D:1      | Reached skill level 4 in Maces & Flails
   373 | D:1      | Reached XP level 3. HP: 10/21 MP: 3/3
  1017 | D:2      | Noticed Sigmund
  1200 | D:2      | Reached XP level 4. HP: 24/26 MP: 4/4
  1523 | D:2      | Found a blossoming altar of Fedhas.
  1982 | D:3      | Reached skill level 5 in Maces & Flails
  2034 | D:3      | Found a stormy altar of Qazlal.
  2256 | D:4      | Reached XP level 5. HP: 25/30 MP: 5/5
  2350 | D:4      | Reached skill level 6 in Maces & Flails
  3040 | D:3      | Reached XP level 6. HP: 34/35 MP: 6/6
  3119 | D:3      | Found a radiant altar of Vehumet.
  3147 | D:3      | Noticed a two-headed ogre
  3153 | D:3      | Killed a two-headed ogre
  3153 | D:3      | Reached skill level 7 in Maces & Flails
  3153 | D:3      | Reached XP level 7. HP: 17/40 MP: 7/7
  3739 | D:5      | Entered Level 5 of the Dungeon
  3807 | D:5      | Reached skill level 8 in Maces & Flails
  3889 | D:5      | Found a staircase to the Ecumenical Temple.
  3898 | D:5      | Noticed Dowan
  3900 | D:5      | Noticed Duvessa
  3910 | D:5      | Killed Duvessa
  3929 | D:5      | Killed Dowan
  4337 | D:5      | HP: 3/40 [ogre/giant club (19)]
  4338 | Temple   | Entered the Ecumenical Temple
  4340 | Temple   | HP: 1/40 [ogre/giant club (11)]
  4344 | Temple   | Reached skill level 9 in Maces & Flails
  4523 | Temple   | Became a worshipper of Warmaster Okawaru
  4684 | D:5      | Reached XP level 8. HP: 34/44 MP: 8/8
  4874 | D:5      | Found a hazy altar of Hepliaklqana.
  4875 | D:5      | Found a shadowy altar of Dithmenos.
  5445 | D:6      | Reached skill level 10 in Maces & Flails
  5653 | D:6      | Got a faintly glowing scimitar
  5683 | D:6      | Found a shimmering altar of Xom.
  5688 | D:6      | Found a glowing golden altar of the Shining One.
  5730 | D:6      | HP: 7/44 [steam dragon/ball of steam (20)]
  5732 | D:6      | Killed from afar by a steam dragon

Skill      XL: |  1  2  3  4  5  6  7  8 |
---------------+-------------------------+-----
Maces & Flails | 4 5 6 7 9 10 | 10.0
Fighting       | |  2.1
Throwing       | |  1.7
Dodging        | |  2.4

Action                   |  1- 3 |  4- 6 |  7- 9 || total
-------------------------+-------+-------+-------++-------
Melee: Flail             |   140 |   108 |   182 ||   430
       Mace              |       |       |    16 ||    16
  Use: Scroll            |       |     8 |       ||     8
       Potion            |       |       |     3 ||     3
  Eat: Chunk             |     1 |     2 |     9 ||    12
       Fruit             |       |     3 |       ||     3
       Beef jerky        |       |     1 |       ||     1
Armor: Leather armour    |    96 |    40 |    17 ||   153
       Chain mail        |       |       |    96 ||    96
Dodge: Dodged            |   138 |    69 |    93 ||   300

Vault maps used:
D:1:      scummos_arrival_simple_crosswalls
D:2:      fedhas_altar_fruit_tree, supply_closet_lemuel, minmay_pentomino_o4,
          uniq_sigmund
D:3:      fiery_altar_vehumet, nicolae_overflow_hidden_temple
D:4:      first_bread
D:5:      kennysheep_mini, lemuel_doored_altar, serial_co_window_serial,
          co_window_corner_a, co_window_paths_a, co_window_corner_a,
          co_window_corner_a, co_window_of_opportunity_a, co_window_paths_a,
          co_window_paths_a, co_window_corner_b, co_window_unsneaky_path_b,
          co_window_corner_ca, co_window_4corner_a, co_window_paths_d,
          glass_columns_a, glass_columns_a, glass_columns_a, glass_columns_a,
          glass_columns_b, sigmund_army, uniq_duvessa
D:6:      minitemple, minmay_misc_feat_hallway
Temple:   cyrus_circular_temple

Table legend:
 A = Turns spent in this place as a percentage of turns spent in the entire game.
 B = Non-inter-level travel turns spent in this place as a percentage of non-inter-level travel turns spent in the entire game.
 C = Inter-level travel turns spent in this place as a percentage of turns spent in this place.
 D = Turns resting spent in this place as a percentage of non-inter-level travel turns spent in this place.
 E = Turns spent auto-exploring this place as a percentage of non-inter-level travel turns spent in this place.
 F = Non-inter-level travel turns spent in this place divided by the number of levels of this place that you've seen.
                   A       B       C       D       E      F
               +-------+-------+-------+-------+-------+----------------------
         Total | 100.0 | 100.0 |   0.9 |   2.7 |  10.8 | 196.6
       Dungeon |  97.0 |  97.0 |   1.0 |   2.5 |  11.1 | 222.5
        Temple |   3.0 |   3.0 |   0.0 |   7.3 |   2.4 |  41.0
               +-------+-------+-------+-------+-------+----------------------

Table legend:
 A = Kills in this place as a percentage of kills in entire the game.
 B = Kills by you in this place as a percentage of kills by you in the entire game.
 C = Kills by friends in this place as a percentage of kills by friends in the entire game.
 D = Other kills in this place as a percentage of other kills in the entire game.
 E = Experience gained in this place as a percentage of experience gained in the entire game.
 F = Experience gained in this place divided by the number of levels of this place that you have seen.
                   A       B       C       D       E      F
               +-------+-------+-------+-------+-------+----------------------
         Total | 100.0 | 100.0 |  -nan |  -nan | 100.0 | 222.6
       Dungeon |  99.1 |  99.1 |  -nan |  -nan |  92.4 | 240.0
        Temple |   0.9 |   0.9 |  -nan |  -nan |   7.6 | 118.0
               +-------+-------+-------+-------+-------+----------------------
